 Dungeon Crawl Stone Soup version 0.25-a0-707-g603da076d2 (webtiles) character file.

Game seed: 3913010793000489866, levelgen mode: deterministic

31841 Flugslaktarn the Cleaver (level 13, -10/140 HPs)
             Began as a Deep Dwarf Fighter on Apr 4, 2020.
             Was a High Priest of Makhleb.
             Mangled by a very large slime creature (51 damage)
             ... on level 14 of the Dungeon.
             The game lasted 00:07:52 (9313 turns).

Flugslaktarn the Cleaver (Deep Dwarf Fighter)       Turns: 9313, Time: 00:07:53

Health: -10/140    AC: 21    Str: 26    XL:     13   Next: 28%
Magic:  7/7        EV: 12    Int:  8    God:    Makhleb [*****.]
Gold:   371        SH: 13    Dex: 12    Spells: 12/12 levels left

rFire    + . .     SeeInvis .   a - +1 war axe
rCold    . . .     Gourm    +   c - +1 kite shield
rNeg     . . .     Faith    .   L - +0 plate armour
rPois    .         Spirit   .   (no helmet)
rElec    .         Reflect  .   E - +2 cloak
rCorr    .         Harm     .   F - +0 pair of gloves
MR       +....                  (no boots)
Stlth    ..........             I - amulet of the gourmand
HPRegen  0.00/turn              v - +5 ring of evasion
MPRegen  0.10/turn              f - ring of protection from fire

@: non-regenerating, studying Armour
A: damage resistance, heal wounds, rugged brown scales 1, sense surroundings 2,
robust 1, no regeneration
a: Heal Wounds, Minor Destruction, Lesser Servant of Makhleb, Major Destruction,
Greater Servant of Makhleb, Renounce Religion


You were on level 14 of the Dungeon.
You worshipped Makhleb.
Makhleb was extremely pleased with you.
You were very full.

You visited 2 branches of the dungeon, and saw 15 of its levels.

You collected 549 gold pieces.
You spent 178 gold pieces at shops.

Inventory:

Hand Weapons
 a - a +1 war axe (weapon)
 b - a +0 hand axe of flaming
   (You took it off an orc priest on level 4 of the Dungeon)
 o - a +0 hand axe of venom
   (You found it on level 7 of the Dungeon)
Armour
 c - a +1 kite shield (worn)
 E - a +2 cloak (worn)
   (You found it on level 9 of the Dungeon)
 F - a +0 pair of gloves (worn)
   (You found it on level 7 of the Dungeon)
 L - a +0 plate armour (worn)
   (You took it off an orc warrior on level 8 of the Dungeon)
Jewellery
 f - a ring of protection from fire (right hand)
   (You found it on level 10 of the Dungeon)
 v - a +5 ring of evasion (left hand)
   (You found it on level 12 of the Dungeon)
 y - an uncursed ring of ice
   (You found it on level 8 of the Dungeon)
 A - an uncursed ring of positive energy
   (You found it on level 9 of the Dungeon)
 I - an amulet of the gourmand (around neck)
   (You found it on level 4 of the Dungeon)
Wands
 i - a wand of clouds (5)
   (You found it on level 5 of the Dungeon)
 s - a wand of enslavement (7)
   (You found it on level 6 of the Dungeon)
 D - a wand of paralysis (15)
   (You took it off Ijyb on level 5 of the Dungeon)
 J - a wand of digging (9)
   (You took it off a centaur on level 10 of the Dungeon)
Scrolls
 p - 2 scrolls of enchant weapon
 r - a scroll of identify
 t - 2 scrolls of teleportation
 x - 4 scrolls of remove curse
 z - 4 scrolls of blinking
 B - a scroll of immolation
 C - a scroll of torment {unknown}
 K - a scroll of holy word
 M - a scroll of fog
Potions
 d - 4 potions of might
 g - a potion of resistance {unknown}
 h - 2 potions of haste
 j - a potion of ambrosia
 k - a potion of magic
 l - 2 potions of brilliance
 n - 2 potions of mutation
 q - 2 potions of curing
 u - 5 potions of heal wounds
 w - 2 potions of stabbing
 G - 2 potions of flight
 H - 2 potions of lignification
Books
 m - a manual of Armour
   (You acquired it on level 12 of the Dungeon)
Comestibles
 e - 24 rations


   Skills:
 * Level 10.6 Fighting
 * Level 13.7 Axes
 + Level 11.3 Armour
 + Level 10.5 Shields
 + Level 11.2 Invocations


You had 12 spell levels left.
You didn't know any spells.
Your spell library was empty.

Dungeon Overview and Level Annotations

Branches:
Dungeon (14/15)            Temple (1/1) D:4            Lair (0/6) D:11
    Orc (0/2) D:12         Vaults (0/5) D:14

Altars:
Ashenzari
Cheibriados
Dithmenos
Elyvilon
Fedhas
Gozag
Hepliaklqana
Kikubaaqudgha
Makhleb
Nemelex Xobeh
Okawaru
Qazlal
Ru
Sif Muna
Trog
Uskayaw
Vehumet
Xom
Zin

Shops:
D:6 *   D:7 }   D:12 ?

Annotations:
D:6 1 exclusion, Blork the orc
D:10 3 runed translucent doors, p0werm0de's ghost, novice DDFi


Innate Abilities, Weirdness & Mutations

You are resistant to damage.
You can heal yourself by infusing magical energy.
You passively map the area around you.
You do not regenerate.
You are partially covered in rugged brown scales. (AC +1, +3% HP)
You are robust. (+10% HP)


Message History

You hit the very large slime creature. You block the slime creature's attack.
Your hellwing hits the slime creature.
Your hellwing barely misses the slime creature.
The very large slime creature misses you.
You hit the slime creature.
The slime creature is moderately wounded.
You slash the very large slime creature!
The slime creature hits you!
* * * LOW HITPOINT WARNING * * *
You block the very large slime creature's attack.
Your hellwing hits the slime creature! Your hellwing hits the slime creature.
You are too injured to fight recklessly!
You are too injured to fight recklessly!
You are too injured to fight recklessly!
You are too injured to fight recklessly!
You are too injured to fight recklessly!
You are too injured to fight recklessly!
Your hellwing hits the slime creature! Your hellwing hits the slime creature.
The very large slime creature hits you!!!
You die...

.............#### *
.##..........(... *
#^........##...., ,
.#.....@K..# ..##,
#....###Jo.###..#
####.###(.......##*
, , *
#...)##.##.#... , ,
##...JJ4.....## , ,
, #(..(@.......# ,
, ###.............,
, , * ,
,................ *
, . ########..#.###
, , ,
,....######.##.###
, ,, *
#.......>.....# ,,
, ,,
#############... ,,
, ** , ,,, ,< *


You could see a very large slime creature, a slime creature and a friendly
hellwing.

Vanquished Creatures
  Rupert (D:14)
  3 hydras
  Harold (D:7)
  3 centaur warriors (D:13)
  4 two-headed ogres
  Urug (D:11)
  An unseen horror (D:10)
  An orc knight (D:14)
  An ugly thing (D:11)
  4 cyclopes
  2 manticores
  Psyche (D:10)
  2 centaur zombies
  Joseph (D:7)
  2 centaur skeletons (D:13)
  2 gargoyles
  Maggie (D:6)
  3 kobold demonologists (D:11)
  An efreet (D:13)
  A freezing wraith (D:14)
  5 trolls
  A hornet (D:13)
  Grinder (D:4)
  4 hippogriffs
  7 yaks
  2 shadows
  3 hogs (D:7)
  A wraith (D:11)
  13 humans
  A basilisk (D:13)
  A human (shapeshifter) (D:13)
  4 vampire mosquitoes (D:12)
  A warg (D:12)
  An acid dragon (D:11)
  A black bear (D:6)
  An ice beast (D:9)
  11 orc warriors
  A black bear (shapeshifter) (D:14)
  2 phantoms
  A necrophage (D:8)
  9 ogres
  12 centaurs
  5 big kobolds
  5 bullfrogs
  A wyvern zombie (D:14)
  3 scorpions
  6 killer bees (D:13)
  10 howler monkeys
  5 wights (D:9)
  6 crimson imps
  2 bullfrog zombies
  6 hounds
  4 jellies
  12 orc priests
  2 bullfrog skeletons
  4 iguanas
  Ijyb (D:5)
  Terence (D:3)
  13 worker ants
  21 orc wizards
  3 hound skeletons
  11 adders
  A howler monkey skeleton (D:11)
  4 shadow imps
  An ooze (D:4)
  3 worms
  A dart slug (D:4)
  6 leopard geckos
  46 orcs
  3 bats
  3 giant cockroaches
  4 goblins
  4 hobgoblins
  4 jackals
  4 quokkas
  2 frilled lizards
  24 kobolds
  3 leopard gecko skeletons (D:4)
  A quokka skeleton (D:7)
  2 quokka zombies
  A rat (D:2)
357 creatures vanquished.

Vanquished Creatures (collateral kills)
  Snorg (D:9)
  Fannar (D:10)
  A human (D:14)
  An orc priest (D:10)
  An orc wizard (D:10)
  2 orcs (D:10)
7 creatures vanquished.

Vanquished Creatures (others)
  A human (D:14)
1 creature vanquished.

Grand Total: 365 creatures vanquished

Notes
Turn   | Place    | Note
-------+----------+-------------------------------------------
     0 | D:1      | Flugslaktarn the Deep Dwarf Fighter began the quest for the
                  | Orb.
     0 | D:1      | Reached XP level 1. HP: 20/20 MP: 1/1
    84 | D:2      | Reached XP level 2. HP: 10/27 MP: 2/2
   214 | D:3      | Noticed Terence
   220 | D:3      | Killed Terence
   220 | D:3      | Reached skill level 3 in Axes
   220 | D:3      | Reached XP level 3. HP: 32/34 MP: 3/3
   318 | D:4      | Reached XP level 4. HP: 21/42 MP: 4/4
   341 | D:4      | Noticed an ogre
   349 | D:4      | Killed an ogre
   349 | D:4      | Reached skill level 4 in Axes
   349 | D:4      | Reached XP level 5. HP: 47/49 MP: 5/5
   439 | D:4      | Found a staircase to the Ecumenical Temple.
   491 | Temple   | Entered the Ecumenical Temple
   552 | Temple   | Became a worshipper of Makhleb the Destroyer
   633 | D:4      | Noticed Grinder
   646 | D:4      | Reached XP level 6. HP: 25/56 MP: 5/5
   650 | D:4      | Reached skill level 1 in Invocations
   672 | D:4      | Paralysed by Grinder for 5 turns
   680 | D:4      | Paralysed by Grinder for 5 turns
   691 | D:4      | Paralysed by Grinder for 5 turns
   705 | D:4      | Killed Grinder
   705 | D:4      | Reached skill level 5 in Axes
   705 | D:4      | Reached XP level 7. HP: 42/64 MP: 3/5
  1094 | D:4      | Found a stormy altar of Qazlal.
  1095 | D:4      | Noticed an air elemental
  1096 | D:4      | Noticed a fire elemental
  1097 | D:4      | Noticed a water elemental
  1209 | D:5      | Entered Level 5 of the Dungeon
  1215 | D:5      | Noticed Ijyb
  1217 | D:5      | Reached skill level 5 in Armour
  1217 | D:5      | Reached skill level 5 in Shields
  1223 | D:5      | Paralysed by Ijyb for 3 turns
  1229 | D:5      | Paralysed by Ijyb for 3 turns
  1237 | D:5      | Killed Ijyb
  1245 | D:5      | Found a shattered altar of Ashenzari.
  1266 | D:5      | Found an ancient bone altar of Kikubaaqudgha.
  1328 | D:5      | Reached * piety under Makhleb
  1399 | D:5      | Reached skill level 6 in Axes
  1754 | D:6      | Found a stormy altar of Qazlal.
  1824 | D:6      | Noticed Maggie
  1854 | D:6      | Killed Maggie
  1854 | D:6      | Reached XP level 8. HP: 30/73 MP: 5/7
  2015 | D:6      | Reached skill level 7 in Axes
  2137 | D:6      | Reached skill level 5 in Fighting
  2200 | D:6      | Found an opulent altar of Gozag.
  2202 | D:6      | Found Gozag's Platinum Reserve.
  2208 | D:6      | Reached skill level 5 in Invocations
  2474 | D:6      | Reached ** piety under Makhleb
  2507 | D:6      | Noticed Blork the orc
  2553 | D:6      | Gained mutation: You passively map the area around you.
                  | [Deep Dwarf growth]
  2553 | D:6      | Reached XP level 9. HP: 53/81 MP: 8/8
  2652 | D:7      | Noticed Joseph
  2672 | D:7      | Reached skill level 8 in Axes
  2723 | D:7      | Killed Joseph
  2740 | D:7      | Found a bloodstained altar of Trog.
  2863 | D:7      | Gained mutation: You are robust. (+10% HP) [potion of
                  | mutation]
  2863 | D:7      | Gained mutation: You are partially covered in rugged brown
                  | scales. (AC +1, +3% HP) [potion of mutation]
  3076 | D:7      | Reached skill level 9 in Axes
  3191 | D:7      | Found Nokutioff's Gadget Boutique.
  3240 | D:7      | Noticed Harold
  3284 | D:7      | Killed Harold
  3284 | D:7      | Reached XP level 10. HP: 31/102 MP: 6/6
  3362 | D:7      | Reached skill level 10 in Axes
  3748 | D:8      | Found a sacrificial altar of Ru.
  3756 | D:8      | Reached *** piety under Makhleb
  4337 | D:9      | Noticed a four-headed hydra
  4360 | D:9      | Killed a one-headed hydra
  4459 | D:9      | Reached **** piety under Makhleb
  4729 | D:9      | Found a glowing silver altar of Zin.
  5448 | D:10     | Entered Level 10 of the Dungeon
  5448 | D:10     | Noticed a gargoyle
  5453 | D:10     | Killed a gargoyle
  5453 | D:10     | Reached XP level 11. HP: 109/113 MP: 8/8
  5454 | D:10     | Noticed Snorg
  5524 | D:9      | Killed Snorg
  5524 | D:9      | Reached skill level 11 in Axes
  5553 | D:10     | Noticed Psyche
  5553 | D:10     | Noticed a two-headed ogre
  5568 | D:10     | Killed a two-headed ogre
  5579 | D:10     | Noticed Fannar
  5622 | D:10     | Killed Psyche
  5842 | D:10     | Killed Fannar
  5980 | D:10     | Killed an unseen horror
  6011 | D:10     | Found a runed translucent gate.
  6012 | D:10     | Found a runed translucent gate.
  6018 | D:10     | Found a runed translucent gate.
  6018 | D:10     | Noticed p0werm0de's ghost (novice DDFi)
  6258 | D:10     | Found a shattered altar of Ashenzari.
  6589 | D:11     | Noticed a red ugly thing
  6603 | D:11     | Killed a red ugly thing
  6629 | D:11     | Reached skill level 12 in Axes
  6649 | D:11     | Noticed Urug
  6678 | D:11     | Killed Urug
  6874 | D:11     | Noticed a two-headed ogre
  6881 | D:11     | Noticed a four-headed hydra
  6909 | D:11     | Killed a one-headed hydra
  6909 | D:11     | Reached XP level 12. HP: 82/126 MP: 7/7
  6918 | D:11     | Killed a two-headed ogre
  6955 | D:11     | Found a staircase to the Lair.
  7132 | D:11     | Noticed a two-headed ogre
  7154 | D:11     | Killed a two-headed ogre
  7491 | D:12     | Reached ***** piety under Makhleb
  7567 | D:12     | Reached skill level 10 in Invocations
  7575 | D:12     | Found a staircase to the Orcish Mines.
  7758 | D:12     | Identified a scroll of acquirement
  7760 | D:12     | Identified the amulet of Keraf {Spirit rPois Str+3 Int-5}
                  | (You acquired it on level 12 of the Dungeon)
  7946 | D:12     | Found Pewnetsui's Magic Scroll Shoppe.
  7954 | D:12     | Bought a scroll of enchant weapon for 127 gold pieces
  7954 | D:12     | Bought a scroll of teleportation for 51 gold pieces
  8366 | D:13     | Found a white marble altar of Elyvilon.
  8444 | D:13     | Noticed a four-headed hydra
  8455 | D:13     | Killed a one-headed hydra
  8455 | D:13     | Reached skill level 10 in Armour
  8478 | D:13     | Noticed a two-headed ogre
  8479 | D:13     | Noticed a centaur warrior
  8506 | D:13     | Killed a centaur warrior
  8524 | D:13     | Reached skill level 13 in Axes
  8528 | D:13     | Killed a two-headed ogre
  8538 | D:13     | Reached skill level 10 in Shields
  8547 | D:13     | Reached skill level 10 in Fighting
  8613 | D:13     | Noticed a centaur warrior
  8613 | D:13     | Noticed a centaur warrior
  8625 | D:13     | Killed a centaur warrior
  8626 | D:13     | Killed a centaur warrior
  9098 | D:13     | Reached XP level 13. HP: 125/138 MP: 8/8
  9153 | D:14     | Found a gate to the Vaults.
  9153 | D:14     | Noticed Rupert
  9297 | D:14     | Killed Rupert
  9313 | D:14     | Mangled by a very large slime creature

Levels and vault maps discovered:
D:1:      erik_arrival_triangle_medium, layout_rooms
D:2:      layout_basic, kennysheep_okawaru_gauntlet, uniq_jessica
D:3:      layout_loops_ring, overflow_temple_1_default,
          lemuel_coloured_pillars_altar, lemuel_doored_altar, first_ration,
          gup_sewer_entry_bubbles, uniq_terence
D:4:      layout_basic, nicolae_qazlal_style_of_elements, temple_hall,
          serial_rivers, chequers_serial_rivers_small_a,
          chequers_serial_rivers_small_b, chequers_serial_rivers_room_a,
          chequers_serial_rivers_large_b, minmay_cupped, uniq_grinder
D:5:      layout_rooms, overflow_temple_1_default, ashenzari_altar_1, uniq_ijyb
D:6:      layout_basic, nicolae_gozag_zags_fifth_avenue, basic_altar, tgw_sif,
          uniq_maggie
D:7:      layout_basic, nicolae_overflow_hidden_temple, serial_shops, shop,
          grunt_livestock, uniq_joseph, uniq_harold
D:8:      layout_loops_ring, basic_altar
D:9:      layout_basic, zin_academy
D:10:     layout_loops_ring, gammafunk_ghost_necromancy, basic_altar,
          chequers_serial_rivers_marsh, uniq_fannar, uniq_snorg, uniq_psyche
D:11:     minmay_ornate_pinched, layout_loops_ring, lair_entry_dummy, uniq_urug
D:12:     layout_long_grid, erik_orc_3, serial_shops, shop
D:13:     layout_loops_cross, elyvilon_altar_5
D:14:     layout_rooms, david_vaults_3, hangedman_decor_points
Temple:   nicolae_temple_god_jail

Skill      XL: |  1  2  3  4  5  6  7  8  9 10 11 12 13 |
---------------+----------------------------------------+-----
Fighting       | 3 4 5 6 7 8 10 | 10.6
Axes           | 3 4 5 6 7 9 10 12 13 | 13.7
Armour         | 4 5 6 7 8 9 10 11 | 11.3
Shields        | 4 5 6 7 8 9 10 | 10.5
Invocations    | 2 4 5 7 8 9 10 11 | 11.2

Action                   |  1- 3 |  4- 6 |  7- 9 | 10-12 | 13-15 || total
-------------------------+-------+-------+-------+-------+-------++-------
Melee: War axe           |    63 |    68 |   428 |  1073 |   105 ||  1737
       Hand axe          |       |       |       |    50 |       ||    50
Invok: Lesser Servant of |       |       |       |     5 |     3 ||     8
 Abil: Heal Wounds       |     1 |     5 |    22 |    32 |     5 ||    65
  Use: Scroll            |       |       |    13 |    10 |     1 ||    24
       Potion            |       |       |     1 |       |       ||     1
 Stab: Distracted        |       |       |       |       |     2 ||     2
  Eat: Chunk             |       |       |    28 |    19 |       ||    47
Armor: Scale mail        |    23 |       |       |       |       ||    23
       Chain mail        |    11 |    18 |   197 |   325 |       ||   551
       Plate armour      |       |       |       |   209 |    73 ||   282
Dodge: Dodged            |    31 |    14 |    95 |   256 |    65 ||   461
Block: Kite shield       |    21 |    29 |   263 |   731 |   110 ||  1154

Table legend:
 A = Non-vault XP
 B = Vault XP
 C = Vault XP percentage of total XP
 D = Non-vault monster count
 E = Vault monster count
 F = Vault count percentage of total count
                 A         B        C        D         E       F
            +---------+---------+-------+---------+---------+-------
      Total |   30107 |   15381 |  33.8 |     300 |      64 |  17.6
            +---------+---------+-------+---------+---------+-------
        D:1 |       2 |       0 |   0.0 |       1 |       0 |   0.0
        D:2 |      15 |       0 |   0.0 |       7 |       0 |   0.0
        D:3 |       6 |      36 |  85.7 |       3 |       1 |  25.0
        D:4 |     572 |     312 |  35.3 |      19 |       4 |  17.4
        D:5 |     381 |      36 |   8.6 |      18 |       1 |   5.3
        D:6 |    1093 |     379 |  25.7 |      22 |       1 |   4.3
        D:7 |    1888 |    2414 |  56.1 |      34 |       7 |  17.1
        D:8 |    1386 |       0 |   0.0 |      35 |       0 |   0.0
        D:9 |    2187 |     677 |  23.6 |      29 |       1 |   3.3
       D:10 |    4033 |     914 |  18.5 |      35 |       2 |   5.4
       D:11 |    3626 |    4850 |  57.2 |      27 |      15 |  35.7
       D:12 |    1058 |     840 |  44.3 |      13 |      17 |  56.7
       D:13 |   11564 |       0 |   0.0 |      45 |       0 |   0.0
       D:14 |    2296 |    4923 |  68.2 |      12 |      15 |  55.6
            +---------+---------+-------+---------+---------+-------
